 Dungeon Crawl Stone Soup version 0.30.1-3-gfc49f6343a (webtiles) character file.

Game seed: 15542964317114156362

4197 FishyPogo the Martial Artist (level 10, -20/76 HPs)
             Began as a Gnoll Transmuter on Aug 3, 2023.
             Was a High Priest of Cheibriados.
             Demolished by an orc warrior
             ... wielding a +0 broad axe
              (28 damage)
             ... in a bailey.
             The game lasted 00:30:32 (6779 turns).

FishyPogo the Martial Artist (Gnoll Transmuter)     Turns: 6779, Time: 00:30:33

Health: -20/76     AC:  9    Str: 20    XL:     10   Next: 29%
Magic:  0/21       EV: 18    Int: 29    God:    Cheibriados [*****.]
Gold:   281        SH: 10    Dex: 26    Spells: 10/23 levels left

rFire   . . .        a - +3 dagger (freeze)
rCold   . . .        u - +3 buckler
rNeg    . . .        G - +3 leather armour of Ysyshrorph {Will+ Dex+3}
rPois   .            (helmet currently unavailable)
rElec   .            h - +0 cloak
rCorr   .            f - +0 pair of gloves
SInv    .            (boots currently unavailable)
Will    ++...        F - amulet of guardian spirit
Stlth   +++          c - ring of willpower
HPRegen 0.32/turn    (no ring)
MPRegen 0.17/turn

%: guardian spirit
@: appendages, wereblooded, very slow
A: horns 2, talons 2, fangs 1, strong nose, distributed training
a: End Transformation, Renounce Religion, Bend Time, Temporal Distortion,
Slouch, Step From Time


You were in a bailey.
You worshipped Cheibriados.
Cheibriados was extremely pleased with you.
You had temporarily grown beastly horns and talons.
You visited 1 branch of the dungeon, and saw 8 of its levels.
You also visited: Bailey.

You collected 385 gold pieces.
You spent 104 gold pieces at shops.

Inventory:

Hand Weapons
 a - a +3 dagger of freezing (weapon)
 n - a +3 flail of protection
 K - a +2 morningstar of pain
Missiles
 o - 52 stones
 p - 8 poisoned darts
 r - 8 boomerangs
Armour
 d - a +3 leather armour of poison resistance
 f - a +0 pair of gloves (worn)
 h - a +0 cloak (worn)
 u - a +3 buckler (worn)
 x - a +2 ring mail of cold resistance
 G - the +3 leather armour of Ysyshrorph (worn) {Will+ Dex+3}
   (You took it off a kobold on level 6 of the Dungeon)

   Dex:       It affects your dexterity (+3).
   Will:      It increases your willpower.
Magical Staves
 j - a staff of conjuration
Jewellery
 c - a ring of willpower (left hand)
 F - an amulet of guardian spirit (around neck)
Wands
 v - a wand of roots (20)
Scrolls
 i - a scroll of fog
 k - 3 scrolls of teleportation
 t - 3 scrolls of silence
 y - a scroll of enchant armour
 A - a scroll of fear
 C - a scroll of amnesia
 D - 2 scrolls of poison
 E - a scroll of acquirement
 H - a scroll of identify
Potions
 b - a potion of lignification
 q - 3 potions of attraction
 z - a potion of mutation


   Skills:
 + Level 6.0 Fighting
 + Level 5.3 Short Blades
 + Level 5.3 Long Blades
 + Level 5.3 Axes
 + Level 5.3 Maces & Flails
 + Level 5.3 Polearms
 + Level 5.3 Staves
 + Level 5.3 Ranged Weapons
 + Level 5.3 Throwing
 + Level 5.3 Armour
 + Level 7.1 Dodging
 + Level 5.3 Stealth
 + Level 5.3 Shields
 + Level 8.5 Unarmed Combat
 + Level 7.4 Spellcasting
 + Level 4.4 Conjurations
 + Level 4.4 Hexes
 + Level 4.4 Summonings
 + Level 4.4 Necromancy
 + Level 4.4 Translocations
 + Level 5.9 Transmutations
 + Level 4.4 Fire Magic
 + Level 4.4 Ice Magic
 + Level 4.4 Air Magic
 + Level 4.4 Earth Magic
 + Level 4.4 Poison Magic
 + Level 5.9 Invocations
 + Level 5.3 Evocations


You had 10 spell levels left.
You knew the following spells:

 Your Spells              Type           Power      Damage    Failure   Level
a - Beastly Appendage     Tmut           90%        N/A       1%          1
b - Wereblood             Tmut           45%        N/A       1%          2
c - Spider Form           Tmut/Pois      40%        N/A       2%          3
k - Ice Form              Ice/Tmut       40%        N/A       9%          4
l - Call Canine Familiar  Summ           36%        N/A       3%          3

Your spell library contained the following spells:

 Spells                   Type           Power      Damage    Failure   Level
 Summon Small Mammal      Summ           100%       N/A       1%          1
 Summon Guardian Golem    Hex/Summ       36%        N/A       3%          3
 Conjure Ball Lightning   Conj/Air       18%        3x3d6     86%         6
 Discord                  Hex            18%        N/A       100%        8
 Disjunction              Tloc           18%        N/A       100%        8


Dungeon Overview and Level Annotations

Branches:
Dungeon (8/15)             Temple (0/1) D:7          Bailey (1/1)
   Lair: D:8-11

Altars:
Cheibriados
Fedhas
Kikubaaqudgha
Ru
Trog

Shops:
D:2 *?[*   D:5 *


Innate Abilities, Weirdness & Mutations

You have temporarily grown beastly horns and talons.
You have very sharp teeth.
Your uncanny sense of smell can sniff out nearby items.
Your experience applies equally to all skills.


Message History

You kill the orc knight!
Cheibriados thoroughly appreciates the change of pace.
The orc warrior hits you with a +0 broad axe!
* * * LOW HITPOINT WARNING * * *
Your Fighting skill increases to level 6!
You hit the orc. You freeze the orc.
You kill the orc!
Cheibriados thoroughly appreciates the change of pace.
You block the orc warrior's attack. The orc hits you but does no damage.
You hit the orc but do no damage. You block the orc warrior's attack.
The orc closely misses you.
Casting: Beastly Appendage (safe; 1% risk of failure)
Confirm with . or Enter, or press ? or * to list all spells.
Your blood is infused with primal strength.
The orc warrior hits you with a +0 broad axe!
* * * LOW HITPOINT WARNING * * *
You block the orc's attack.
You hit the orc but do no damage. You claw the orc.
The orc is almost dead.
Unknown command.
You closely miss the orc. Your kick misses the orc.
The orc is almost dead.
You block the orc warrior's attack. The orc closely misses you.
You hit the orc. You freeze the orc.
You feel a bit better.
You kill the orc!
Cheibriados thoroughly appreciates the change of pace.
The orc warrior hits you with a +0 broad axe.
* * * LOW HITPOINT WARNING * * *
You miss the kobold.
Your attack snaps the kobold out of its fear.
You claw the kobold.
You feel a bit better.
You kill the kobold!
Cheibriados appreciates the change of pace.
The orc warrior barely misses you.
Okay, then.
You hit the orc warrior. You freeze the orc warrior.
You claw the orc warrior, but do no damage.
The orc warrior is moderately wounded.
The orc warrior hits you with a +0 broad axe!!
You die...

∆ #..#..#
###########.#############
#...†)..................#
.††....#########.........
..###### ##'#.....
..#∆#..# ∆ #).# ...⌠ ..#
#..# . #(.### .. ..#
'..####'####).'$#
~.###........((o@.###
≈≈..#.g####'####o.#
≈≈≈≈####.oo....####Ko
#≈≈≈≈≈∩#.go[...#K≈≈≈≈
###≈≈≈≈#########≈≈≈≈≈
###≈≈≈≈≈≈≈≈≈≈≈≈≈~....
###≈≈≈≈≈≈≈≈≈.......
##.............##
##..∩......#


You could see 2 orc warriors.

Vanquished Creatures
  Pikel (D:6)
  An orc knight (Bailey)
  Prince Ribbit (D:6)
  Grinder (D:3)
  Sigmund (D:3)
  A wyvern (D:8)
  3 ice beasts
  3 orc warriors
  A sky beast (D:8)
  An ogre (D:5)
  A centaur (D:7)
  Blork the orc (D:6)
  2 kobold brigands
  3 bullfrogs
  4 scorpions
  4 killer bees (D:8)
  2 electric eels (D:6)
  A howler monkey (D:5)
  2 hounds
  5 orc priests
  A gnoll bouda (D:6)
  7 iguanas
  8 orc wizards
  Ijyb (D:3)
  4 gnolls
  7 adders
  A shadow imp (D:6)
  4 white imps
  An ufetubus (D:4)
  A worm (D:4)
  6 dart slugs
  26 orcs
  11 ball pythons
  6 bats
  7 endoplasms
  2 giant cockroaches
  7 hobgoblins
  5 jackals
  6 quokkas
  5 frilled lizards
  13 goblins
  23 kobolds
  8 rats
199 creatures vanquished.

Vanquished Creatures (collateral kills)
  An orc (D:4)
  An endoplasm (D:4)
2 creatures vanquished.

Grand Total: 201 creatures vanquished

Notes
Turn   | Place    | Note
-------+----------+-------------------------------------------
     0 | D:1      | FishyPogo the Gnoll Transmuter began the quest for the Orb.
     0 | D:1      | Reached XP level 1. HP: 17/17 MP: 6/6
   100 | D:1      | Reached XP level 2. HP: 23/23 MP: 5/7
   110 | D:1      | Learned a level 2 spell: Wereblood
   288 | D:1      | Reached skill level 5 in Spellcasting
   288 | D:1      | Reached XP level 3. HP: 28/28 MP: 6/9
   471 | D:1      | Reached skill level 1 in Invocations
   709 | D:2      | Learned a level 3 spell: Spider Form
   764 | D:2      | Found Mofruama's Magic Scroll Boutique.
   808 | D:2      | Reached skill level 1 in Short Blades
   808 | D:2      | Reached skill level 1 in Long Blades
   808 | D:2      | Reached skill level 1 in Axes
   808 | D:2      | Reached skill level 1 in Maces & Flails
   808 | D:2      | Reached skill level 1 in Polearms
   808 | D:2      | Reached skill level 1 in Staves
   808 | D:2      | Reached skill level 1 in Ranged Weapons
   808 | D:2      | Reached skill level 1 in Throwing
   808 | D:2      | Reached skill level 1 in Armour
   808 | D:2      | Reached skill level 1 in Stealth
   808 | D:2      | Reached skill level 1 in Shields
   808 | D:2      | Reached skill level 1 in Evocations
   862 | D:2      | Found Ziosm's General Store.
   896 | D:2      | Reached XP level 4. HP: 34/34 MP: 9/11
   913 | D:2      | Found Ufremy's Armour Shoppe.
   990 | D:2      | Found Enaolien's General Store.
  1500 | D:2      | Found a faded altar of an unknown god.
  1505 | D:2      | Prayed at the altar of an unknown god.
  1505 | D:2      | Became a worshipper of Cheibriados the Contemplative
  1505 | D:2      | Reached * piety under Cheibriados
  1566 | D:3      | Noticed Ijyb
  1594 | D:3      | Killed Ijyb
  1595 | D:3      | Reached skill level 1 in Conjurations
  1595 | D:3      | Reached skill level 1 in Hexes
  1595 | D:3      | Reached skill level 1 in Summonings
  1595 | D:3      | Reached skill level 1 in Necromancy
  1595 | D:3      | Reached skill level 1 in Translocations
  1595 | D:3      | Reached skill level 1 in Fire Magic
  1595 | D:3      | Reached skill level 1 in Ice Magic
  1595 | D:3      | Reached skill level 1 in Air Magic
  1595 | D:3      | Reached skill level 1 in Earth Magic
  1595 | D:3      | Reached skill level 1 in Poison Magic
  1852 | D:3      | Noticed Sigmund
  1864 | D:3      | Killed Sigmund
  1865 | D:3      | Reached XP level 5. HP: 24/41 MP: 10/12
  1865 | D:3      | Reached XP level 6. HP: 28/47 MP: 11/14
  2024 | D:3      | Reached skill level 5 in Dodging
  2136 | D:3      | Noticed Grinder
  2166 | D:3      | Paralysed by Grinder for 5 turns
  2171 | D:3      | Killed Grinder
  2172 | D:3      | Reached skill level 7 in Unarmed Combat
  2172 | D:3      | Reached XP level 7. HP: 18/52 MP: 13/15
  2309 | D:3      | You fall into a shaft and drop 1 floor!
  2383 | D:4      | Reached ** piety under Cheibriados
  2541 | D:3      | Found a snail-covered altar of Cheibriados.
  2705 | D:4      | Learned a level 3 spell: Call Canine Familiar
  3450 | D:5      | Entered Level 5 of the Dungeon
  3694 | D:5      | Reached XP level 8. HP: 56/60 MP: 9/16
  3784 | D:5      | Found Anot's Assorted Antiques.
  3834 | D:5      | Bought a scroll labelled HEANAC ZEASHRUQU for 26 gold
                  | pieces
  3834 | D:5      | Bought a scroll labelled MUGYUNN WOHUN for 26 gold pieces
  3834 | D:5      | Bought a scroll labelled QUEMOE KAHIA for 26 gold pieces
  3834 | D:5      | Bought a scroll labelled RATSED SEDWE for 26 gold pieces
  4264 | D:6      | Reached *** piety under Cheibriados
  4717 | D:6      | Noticed Blork the orc
  4729 | D:6      | Killed Blork the orc
  4766 | D:6      | Identified the +3 leather armour of Ysyshrorph {Will+
                  | Dex+3}
  4794 | D:6      | Noticed Pikel
  4803 | D:6      | Killed Pikel
  4804 | D:6      | Reached skill level 5 in Fighting
  4804 | D:6      | Reached skill level 5 in Transmutations
  4804 | D:6      | Reached XP level 9. HP: 61/68 MP: 12/18
  5473 | D:6      | Noticed Prince Ribbit
  5475 | D:6      | Killed Prince Ribbit
  5476 | D:6      | Reached skill level 8 in Unarmed Combat
  5636 | D:7      | Reached **** piety under Cheibriados
  5700 | D:7      | Reached skill level 5 in Invocations
  5903 | D:7      | Found a staircase to the Ecumenical Temple.
  6117 | D:7      | Found a blossoming altar of Fedhas.
  6145 | D:7      | Found a sacrificial altar of Ru.
  6203 | D:7      | Found a bloodstained altar of Trog.
  6282 | D:7      | Found an ancient bone altar of Kikubaaqudgha.
  6566 | D:8      | Reached skill level 5 in Short Blades
  6566 | D:8      | Reached skill level 5 in Long Blades
  6566 | D:8      | Reached skill level 5 in Axes
  6566 | D:8      | Reached skill level 5 in Maces & Flails
  6566 | D:8      | Reached skill level 5 in Polearms
  6566 | D:8      | Reached skill level 5 in Staves
  6566 | D:8      | Reached skill level 5 in Ranged Weapons
  6566 | D:8      | Reached skill level 5 in Throwing
  6566 | D:8      | Reached skill level 5 in Armour
  6566 | D:8      | Reached skill level 5 in Stealth
  6566 | D:8      | Reached skill level 5 in Shields
  6566 | D:8      | Reached skill level 5 in Evocations
  6566 | D:8      | Reached XP level 10. HP: 67/76 MP: 15/20
  6592 | D:8      | Found a flagged portal.
  6601 | Bailey   | Entered a bailey
  6610 | Bailey   | Noticed an orc knight
  6620 | Bailey   | Learned a level 4 spell: Ice Form
  6645 | Bailey   | Reached ***** piety under Cheibriados
  6749 | Bailey   | HP: 2/76 [orc knight/+0 war axe (17)]
  6771 | Bailey   | Killed an orc knight
  6779 | Bailey   | Demolished by an orc warrior

Illustrated notes

Levels and vault maps discovered:
D:1:      nicolae_arrival_memento_mori, layout_rooms, st_stairs_14
D:2:      layout_basic, serial_shops, shop, shop, nicolae_shop_hallway_stairs,
          nicolae_shop_back_alley_shop, shapermc_ecumenical_altar_petra,
          minmay_tromino_v4_b
D:3:      layout_basic, mainiacjoe_overflow_alcove_2, minmay_pentangle,
          uniq_ijyb, uniq_grinder, uniq_sigmund
D:4:      layout_cave_pods
D:5:      layout_basic, serial_shops, shop
D:6:      layout_loops_corners, chequers_garden, chequers_big_river, uniq_pikel,
          uniq_blork_the_orc, uniq_prince_ribbit1
D:7:      layout_rooms, nicolae_overflow_quartered_altars,
          minmay_temple_entry_waves, minmay_statues_item, minmay_misc_feat_roman
D:8:      layout_layer_cave, nicolae_wu_jian_immortal_techniques, enter_bailey_5
Bailey:   bailey_axe_4, bailey

Skill      XL: |  1  2  3  4  5  6  7  8  9 10 |
---------------+-------------------------------+-----
Spellcasting   | 5 6 7 |  7.4
Invocations    | 1 2 3 4 5 |  5.9
Short Blades   | 1 2 3 4 5 |  5.3
Long Blades    | 1 2 3 4 5 |  5.3
Axes           | 1 2 3 4 5 |  5.3
Maces & Flails | 1 2 3 4 5 |  5.3
Polearms       | 1 2 3 4 5 |  5.3
Staves         | 1 2 3 4 5 |  5.3
Ranged Weapons | 1 2 3 4 5 |  5.3
Throwing       | 1 2 3 4 5 |  5.3
Armour         | 1 2 3 4 5 |  5.3
Stealth        | 1 2 3 4 5 |  5.3
Shields        | 1 2 3 4 5 |  5.3
Evocations     | 1 2 3 4 5 |  5.3
Conjurations   | 1 2 3 4 |  4.4
Hexes          | 1 2 3 4 |  4.4
Summonings     | 1 2 3 4 |  4.4
Necromancy     | 1 2 3 4 |  4.4
Translocations | 1 2 3 4 |  4.4
Fire Magic     | 1 2 3 4 |  4.4
Ice Magic      | 1 2 3 4 |  4.4
Air Magic      | 1 2 3 4 |  4.4
Earth Magic    | 1 2 3 4 |  4.4
Poison Magic   | 1 2 3 4 |  4.4
Fighting       | 3 4 5 6 |  6.0
Transmutations | 4 5 |  5.9
Dodging        | 5 6 7 |  7.1
Unarmed Combat | 7 8 |  8.5

Action                     |  1- 3 |  4- 6 |  7- 9 | 10-12 || total
---------------------------+-------+-------+-------+-------++-------
  Melee: Unarmed           |     8 |       |       |     5 ||    13
         Dagger            |    76 |    85 |   296 |    99 ||   556
         Kick              |    17 |    15 |    76 |    21 ||   129
         Headbutt          |    13 |     9 |    54 |    12 ||    88
         Punch             |     2 |     3 |       |       ||     5
         Bite              |     5 |     6 |    37 |    13 ||    61
         Flail             |       |       |    22 |       ||    22
  Throw: Dart              |       |       |       |     2 ||     2
   Cast: Beastly Appendage |    28 |    16 |    42 |     2 ||    88
         Wereblood         |       |     2 |     9 |     3 ||    14
         Call Canine Famil |       |       |     5 |       ||     5
         Ice Form          |       |       |       |     1 ||     1
 Invoke: Bend Time         |       |       |     2 |       ||     2
  Evoke: Wand              |       |       |       |     1 ||     1
    Use: Potion            |       |     6 |       |     6 ||    12
         Scroll            |       |       |    18 |     1 ||    19
   Stab: Sleeping          |     1 |     2 |     8 |       ||    11
         Invisible         |       |     2 |       |       ||     2
         Distracted        |       |     1 |       |       ||     1
 Armour: Robe              |    18 |     1 |       |       ||    19
         Skin              |       |    12 |       |    20 ||    32
         Leather armour    |       |     6 |    68 |    16 ||    90
  Dodge: Dodged            |    48 |    26 |   202 |    40 ||   316
  Block: Buckler           |       |       |   103 |    48 ||   151
